 Dungeon Crawl Stone Soup version 0.21.1-1-g345015fe64 (webtiles) character file.

26411 Gargoyl the Cleaver (level 12, 0/103 HPs)
             Began as a Centaur Abyssal Knight on June 1, 2018.
             Was a High Priest of Lugonu.
             Slain by Nessos (9 damage)
             ... on level 5 of the Lair of Beasts.
             The game lasted 00:31:49 (19185 turns).

Gargoyl the Cleaver (Centaur Abyssal Knight)       Turns: 19185, Time: 00:31:50

Health: 0/103      AC: 27    Str: 17    XL:     12   Next: 98%
Magic:  18/19      EV: 11    Int: 14    God:    Lugonu [*****.]
Gold:   569        SH:  6    Dex: 12    Spells: 11/11 levels left

rFire    + . .     SeeInvis .   L - +3 broad axe (elec)
rCold    + . .     Gourm    .   E - +2 buckler {reflect}
rNeg     + . .     Faith    .   B - +0 acid dragon scales
rPois    +         Spirit   .   D - +2 hat {Int+3}
rElec    .         Reflect  +   b - scarf {rC+ rF+}
rCorr    +         Harm     .   (no gloves)
MR       .....                  H - +10 Black Knight's horse barding {ponderous, rPois rN+}
Stlth    ..........             (no amulet)
HPRegen  0.27/turn              x - ring of flight
MPRegen  0.16/turn              (no ring)

@: about to teleport, quick
A: large, hooves 3, slimy green scales 1, deformed body, speed 2, poison
resistance, tough skin 3
a: Depart the Abyss, Bend Space, Banish, Corrupt, Enter the Abyss, Renounce
Religion, Evoke Flight


You were on level 5 of the Lair of Beasts.
You worshipped Lugonu.
Lugonu was extremely pleased with you.
You were not hungry.

You visited 2 branches of the dungeon, and saw 14 of its levels.
You visited the Abyss 3 times.

You collected 569 gold pieces.

Inventory:

Hand Weapons
 e - a +0 spear of venom
 g - a +3 scimitar of flaming
 m - a +3 hand axe of electrocution
 L - a +3 broad axe of electrocution (weapon)
Missiles
 w - 4 tomahawks (quivered)
Armour
 b - a scarf of resistance (worn)
 l - a +1 centaur barding
 B - +0 acid dragon scales (worn)
 D - a +2 hat of intelligence (worn)
 E - a +2 buckler of reflection (worn)
 H - the +10 Black Knight's horse barding (worn) {ponderous, rPois rN+}
   (You acquired it on level 1 of the Lair of Beasts)

   It protects you from poison.
   It protects you from negative energy.
Jewellery
 x - a ring of flight (left hand)
Wands
 h - a wand of digging (7)
 j - a wand of random effects (50)
 A - a wand of acid (12)
 C - a wand of iceblast (9)
 K - a wand of paralysis (16)
Scrolls
 k - 5 scrolls of identify
 n - 6 scrolls of remove curse
 r - 5 scrolls of amnesia
 s - a scroll of magic mapping
 v - 4 scrolls of teleportation
 I - a scroll of fog
 M - a scroll of blinking
Potions
 d - 3 potions of ambrosia
 i - 6 potions of curing
 o - 3 potions of brilliance
 p - 3 potions of lignification
 q - 4 potions of cancellation
 t - 2 potions of resistance
 F - a potion of agility
 G - 2 potions of flight
Books
 y - a book of Misfortune

   Spells                             Type                      Level
   a - Confusing Touch                Hexes                        1
   b - Confuse                        Hexes                        3
   c - Gell's Gravitas                Translocation                3
   d - Petrify                        Transmutation/Earth          4
   e - Metabolic Englaciation         Hexes/Ice                    5
   f - Yara's Violent Unravelling     Hexes/Transmutation          5
 J - a book of Ice

   Spells                             Type                      Level
   a - Ice Form                       Ice/Transmutation            4
   b - Metabolic Englaciation         Hexes/Ice                    5
   c - Ozocubu's Refrigeration        Ice                          6
   d - Bolt of Cold                   Conjuration/Ice              6
   e - Freezing Cloud                 Conjuration/Ice/Air          6
   f - Simulacrum                     Ice/Necromancy               6
Comestibles
 c - 13 rations


   Skills:
 + Level 8.9 Fighting
 + Level 3.1 Long Blades
 + Level 10.2 Axes
 + Level 1.5 Throwing
 * Level 8.3 Armour
 * Level 7.4 Dodging
 + Level 2.6 Shields
 * Level 9.5 Invocations
 + Level 1.2 Evocations


You had 11 spell levels left.
You didn't know any spells.

Dungeon Overview and Level Annotations

Branches:
Dungeon (9/15)             Temple (0/1) D:7            Lair (5/6) D:9
 Shoals (0/4) Lair:4        Snake (0/4) Lair:3
  Slime: Lair:5-6       Orc: D:9-12

Altars:
Trog
Uskayaw
Beogh

Annotations:
Lair:2 exclusion: 3 oklob plants
Lair:4 Sonja
Lair:5 Nessos, Snorg


Innate Abilities, Weirdness & Mutations

You have hooves in place of feet.
Armour fits poorly on your strangely shaped body.
You cover ground very quickly.
You have extremely tough skin. (AC +3)
You are partially covered in slimy green scales. (AC +2)
Your system is resistant to poisons. (rPois)


Message History

It bursts into flame!
Nessos shoots an arrow.
The arrow barely misses you.
Nessos blinks!
You see here an arrow.
Nessos tries to tell you a complicated story about hydras, his blood, and marriage.
Nessos blinks!
Nessos shoots an arrow.
The arrow closely misses you. Snorg bites you but does no damage.
Snorg claws you! Snorg claws you.
You see here an arrow.
As you read the scroll of teleportation, it crumbles to dust.
You feel strangely unstable. Snorg closely misses you. Snorg claws you!
* * * LOW HITPOINT WARNING * * *
Snorg claws you.
* * * LOW HITPOINT WARNING * * *
Nessos unwields an uncursed longbow of flaming.
It stops flaming.
Nessos hits you but does no damage. x2; Snorg misses you.
You block Snorg's attack. Snorg claws you!
* * * LOW HITPOINT WARNING * * *
Okay, then.
Space bends around you!
You blink.
Nessos hits you!
You die...

.............#
.............#
#.........#### .#.....#P..#
#### .#.P########
#####..### ..####
#.##.....# .....##
#........## ....#.##
#.........## .....#.##
##.@c.ยง.....# .....<..#
####..(T.......#
.......####.###...........#
..............(............
..>.....#....P.............
........[##...............P
.......#.##.#............P#
......#.#####.............P
.....#### ##............


You could see Snorg (berserk) and Nessos.

Vanquished Creatures
  Gastronok (D:9)
  A tentacled starspawn (Abyss:1)
  A hydra (Lair:2)
  2 catoblepae (Lair:4)
  A two-headed ogre (Abyss:1)
  Urug (Lair:4)
  Pikel (D:4)
  A manticore (Lair:4)
  2 black mambas
  A torpor snail (Lair:4)
  A spiny frog (Lair:2)
  An orange demon (Abyss:1)
  A rime drake (Lair:2)
  3 komodo dragons
  An efreet (Abyss:2)
  A troll (D:6)
  20 blink frogs
  A hippogriff (Lair:3)
  A snapping turtle (Lair:4)
  A vampire (D:6)
  Eustachio (D:5)
  15 yaks
  A hungry ghost (D:7)
  2 basilisks (Lair:1)
  3 wyverns (Lair:4)
  A large abomination (Abyss:1)
  A small abomination (Abyss:1)
  The ghost of Chudej the Magician, an amateur DECj (D:4)
  4 nagas (Lair:3)
  7 water moccasins
  9 porcupines
  10 orc warriors
  A slave (D:4)
  An ice beast (D:9)
  2 sky beasts
  2 phantoms
  A black bear (D:6)
  3 ogres
  4 crocodiles
  5 wolves (Lair:3)
  3 centaurs
  Blork the orc (D:4)
  A big kobold (D:7)
  5 bullfrogs
  A scorpion (D:9)
  4 killer bees (D:9)
  9 wights (D:7)
  3 howler monkeys
  5 crimson imps
  A bullfrog zombie (D:6)
  3 hounds
  A quasit (D:6)
  4 bullfrog skeletons
  2 jellies
  12 orc priests
  A centaur skeleton (D:8)
  5 iguanas
  9 orc wizards
  3 gnoll shamans
  Ijyb (D:5)
  10 worker ants
  A hound skeleton (D:5)
  10 gnolls
  13 adders
  A shadow imp (D:5)
  2 oozes (D:6)
  2 adder skeletons (D:9)
  3 worms
  A dart slug (D:2)
  4 leopard geckos
  40 orcs
  9 bats
  6 giant cockroaches
  7 goblins
  9 hobgoblins
  4 jackals (D:6)
  7 kobolds
  8 quokkas
  A ball python (D:1)
  4 frilled lizards
  2 leopard gecko skeletons
  A quokka zombie (D:5)
  6 rats
  A butterfly (Lair:1)
  7 fungi
  A plant (Lair:2)
  A starspawn tentacle (Abyss:1)
352 creatures vanquished.

Vanquished Creatures (others)
  A hydra (Lair:5)
  An electric eel (Lair:4)
  A hound (D:4)
  2 gnolls (D:4)
  An adder skeleton (D:4)
  A plant (Lair:3)
  5 starspawn tentacles
12 creatures vanquished.

Grand Total: 364 creatures vanquished

Notes
Turn   | Place    | Note
-------+----------+-------------------------------------------
     0 | Abyss:1  | Gargoyl the Centaur Abyssal Knight began the quest for the Orb.
     0 | Abyss:1  | Reached XP level 1. HP: 19/19 MP: 2/2
    23 | Abyss:2  | Noticed a starcursed mass
    65 | Abyss:2  | Noticed a tentacled starspawn
    97 | Abyss:2  | Noticed an efreet
   101 | Abyss:2  | Killed an efreet
   101 | Abyss:2  | Reached skill level 5 in Fighting
   101 | Abyss:2  | Reached skill level 2 in Axes
   101 | Abyss:2  | Reached XP level 2. HP: 29/29 MP: 4/4
   101 | Abyss:2  | Reached XP level 3. HP: 36/36 MP: 5/5
   101 | Abyss:2  | Reached XP level 4. HP: 42/42 MP: 6/6
   101 | Abyss:2  | Reached XP level 5. HP: 48/48 MP: 7/7
   103 | Abyss:2  | Noticed a tentacled starspawn
   110 | Abyss:2  | Noticed a small abomination
   112 | D:1      | Escaped the Abyss
   971 | D:2      | Reached XP level 6. HP: 56/56 MP: 8/8
  1067 | D:2      | Reached * piety under Lugonu
  1540 | D:3      | Gained mutation: Your system is resistant to poisons. (rPois) [potion of mutation]
  1540 | D:3      | Gained mutation: You are partially covered in slimy green scales. (AC +2) [potion of mutation]
  1550 | D:3      | You fall through a shaft for 2 floors!
  1550 | D:5      | Entered Level 5 of the Dungeon
  1570 | D:5      | Noticed Ijyb
  1576 | D:5      | Killed Ijyb
  1576 | D:5      | Reached skill level 1 in Long Blades
  1576 | D:5      | Reached skill level 1 in Dodging
  1776 | D:5      | Noticed Eustachio
  1793 | D:5      | Killed Eustachio
  1793 | D:5      | Reached XP level 7. HP: 23/61 MP: 9/9
  1810 | D:4      | Noticed Blork the orc
  2083 | D:3      | Reached ** piety under Lugonu
  2761 | D:4      | Noticed Chudej's ghost (amateur DECj)
  2772 | D:4      | Killed Chudej's ghost
  2772 | D:4      | Reached skill level 3 in Axes
  3276 | D:4      | Reached XP level 8. HP: 55/70 MP: 11/11
  3288 | D:4      | Noticed Pikel
  3313 | D:4      | Killed Pikel
  3313 | D:4      | Reached skill level 4 in Axes
  3747 | D:4      | Killed Blork the orc
  4191 | D:4      | Reached skill level 5 in Axes
  4191 | D:4      | Reached skill level 5 in Invocations
  4401 | D:5      | Reached *** piety under Lugonu
  4476 | D:5      | Reached XP level 9. HP: 56/75 MP: 12/12
  5949 | D:6      | Noticed a troll
  6338 | D:6      | Killed a troll
  6643 | D:6      | Reached **** piety under Lugonu
  6670 | D:6      | Reached skill level 5 in Armour
  6684 | D:6      | Reached skill level 6 in Axes
  7392 | D:7      | Reached skill level 1 in Evocations
  7558 | D:7      | Found a staircase to the Ecumenical Temple.
  7620 | D:7      | Reached XP level 10. HP: 73/84 MP: 14/14
  7716 | D:7      | Found a bloodstained altar of Trog.
  8357 | D:8      | Noticed a two-headed ogre
  8542 | D:8      | Banished a two-headed ogre
  8882 | D:8      | Noticed a hand axe
  8883 | D:8      | Noticed a dagger
  8883 | D:8      | Found a hide-covered altar of Uskayaw.
 10212 | D:9      | Reached skill level 7 in Axes
 10267 | D:9      | Reached ***** piety under Lugonu
 10373 | D:9      | Found a staircase to the Lair.
 10389 | D:9      | Noticed Gastronok
 10408 | D:9      | Killed Gastronok
 10890 | D:9      | Reached XP level 11. HP: 56/92 MP: 16/16
 11591 | D:9      | Reached skill level 8 in Axes
 11647 | D:9      | Found a roughly hewn altar of Beogh.
 11904 | Lair:1   | Entered Level 1 of the Lair of Beasts
 11948 | D:9      | Reached skill level 5 in Dodging
 12848 | Lair:1   | Identified a scroll of acquirement
 12849 | Lair:1   | Found the +10 Black Knight's horse barding {ponderous, rPois rN+}
 13815 | Lair:2   | Noticed an oklob plant
 13826 | Lair:2   | Noticed an oklob plant
 13829 | Lair:2   | Noticed a seven-headed hydra
 13836 | Lair:2   | Killed a ten-headed hydra
 13855 | Lair:2   | Reached skill level 9 in Axes
 13855 | Lair:2   | Reached skill level 1 in Throwing
 14002 | Lair:2   | Reached skill level 1 in Shields
 14135 | Lair:2   | Noticed an oklob plant
 14729 | Lair:3   | Found a staircase to the Snake Pit.
 15132 | Lair:3   | Reached XP level 12. HP: 95/101 MP: 18/18
 16329 | Lair:4   | Noticed Sonja
 16540 | Lair:4   | Noticed a catoblepas
 16589 | Lair:4   | Cast into level 1 of the Abyss (Sonja)
 16589 | Abyss:1  | Found a corrupted altar of Lugonu.
 16601 | Abyss:1  | Killed a two-headed ogre
 16816 | Abyss:1  | Noticed a green very ugly thing
 16832 | Lair:4   | Escaped the Abyss
 16996 | Lair:4   | Noticed a catoblepas
 17041 | Lair:4   | Killed a catoblepas
 17339 | Lair:4   | Killed a catoblepas
 17339 | Lair:4   | Reached skill level 10 in Axes
 17505 | Lair:4   | Found a staircase to the Shoals.
 17704 | Lair:4   | Cast into level 1 of the Abyss (Sonja)
 17738 | Abyss:1  | Noticed a tentacled starspawn
 17749 | Abyss:1  | Killed a tentacled starspawn
 17829 | Lair:4   | Escaped the Abyss
 17857 | Lair:4   | Noticed Urug
 18053 | Lair:4   | Killed Urug
 18461 | Lair:5   | Noticed a six-headed hydra
 18467 | Lair:5   | Banished a seven-headed hydra
 18579 | Lair:5   | Noticed Snorg
 18597 | Lair:5   | Noticed Nessos
 19185 | Lair:5   | Slain by Nessos

Skill      XL: |  1  2  3  4  5  6  7  8  9 10 11 12 |
---------------+-------------------------------------+-----
Fighting       | 5 6 7 8 |  8.9
Axes           | 2 3 5 6 7 9 10 | 10.2
Armour         | 2 3 4 5 6 7 8 |  8.3
Long Blades    | 2 3 |  3.1
Dodging        | 1 2 4 6 7 |  7.4
Invocations    | 3 4 5 6 7 8 9 |  9.5
Evocations     | 1 |  1.2
Throwing       | 1 |  1.5
Shields        | 1 2 |  2.6

Action                   |  1- 3 |  4- 6 |  7- 9 | 10-12 || total
-------------------------+-------+-------+-------+-------++-------
Melee: Scimitar          |       |    71 |    38 |       ||   109
       Kick              |       |    16 |    86 |   197 ||   299
       Hand axe          |       |       |   369 |   746 ||  1115
       Broad axe         |       |       |       |    37 ||    37
Throw: Tomahawk          |       |       |       |    14 ||    14
Invok: Depart the Abyss  |       |     1 |       |     2 ||     3
       Banish            |       |       |       |     3 ||     3
       Bend Space        |       |       |       |     2 ||     2
Evoke: Wand              |     2 |     7 |     8 |     1 ||    18
  Use: Scroll            |     2 |     3 |    11 |    12 ||    28
       Potion            |     1 |     1 |     3 |     5 ||    10
  Eat: Chunk             |       |     1 |     6 |     1 ||     8
       Ration            |       |       |     3 |    11 ||    14
Armor: Leather armour    |       |    49 |    44 |       ||    93
       Chain mail        |       |       |   350 |    56 ||   406
       Skin              |       |       |    27 |       ||    27
       Acid dragon scale |       |       |       |   456 ||   456
       Plate armour      |       |       |       |    38 ||    38
Dodge: Dodged            |       |    38 |    86 |   333 ||   457
Block: Buckler           |       |       |       |   130 ||   130
       Rpst.: Scimitar   |       |    13 |     5 |       ||    18
